 Dungeon Crawl Stone Soup version 0.30-a0-800-g7c544603b3 (webtiles) character file.

Game seed: 8461340966139225211

1221 sircluck the Covert (level 8, -1/67 HPs)
             Began as a Gnoll Delver on Feb 22, 2023.
             Was a Believer of Dithmenos.
             Slain by a vampire (11 damage)
             ... on level 6 of the Dungeon.
             The game lasted 00:12:39 (6479 turns).

sircluck the Covert (Gnoll Delver)                  Turns: 6479, Time: 00:12:40

Health: -1/67      AC:  6    Str: 11    XL:     8   Next: 47%
Magic:  13/13      EV: 14    Int:  9    God:    Dithmenos [**....]
Gold:   74         SH:  0    Dex: 17    Spells: 8/13 levels left

rFire   + + .      SeeInvis .    i - +0 rapier (speed)
rCold   x x .      Faith    .    (no shield)
rNeg    . . .      Spirit   .    b - +0 leather armour
rPois   .          Reflect  .    H - +0 helmet
rElec   .          Harm     .    y - +0 cloak
rCorr   .          Rampage  .    E - +0 pair of gloves
Will    .....                    (no boots)
Stlth   +++++                    C - amulet of the acrobat
HPRegen 0.31/turn                q - ring of fire
MPRegen 0.13/turn                x - ring of fire

@: wreathed by umbra
A: fangs 1, strong nose, distributed training
a: Renounce Religion, Shadow Step


You were on level 6 of the Dungeon.
You worshipped Dithmenos.
Dithmenos was pleased with you.
You visited 1 branch of the dungeon, and saw 6 of its levels.

You collected 320 gold pieces.
You spent 246 gold pieces at shops.

Inventory:

Hand Weapons
 a - a +0 short sword
 i - a +0 rapier of speed (weapon)
 u - a +0 dagger of draining
Missiles
 j - 28 stones (quivered)
 G - 4 poisoned darts
Armour
 b - a +0 leather armour (worn)
 y - a +0 cloak (worn)
 E - a +0 pair of gloves (worn)
 H - a +0 helmet (worn)
Jewellery
 e - an amulet of magic regeneration
 q - a ring of fire (left hand)
 w - an amulet of reflection
 x - a ring of fire (right hand)
 B - a ring of protection from fire
 C - an amulet of the acrobat (around neck)
 I - an amulet of guardian spirit
Wands
 g - a wand of digging (3)
 v - a wand of acid (10)
Scrolls
 c - a scroll of fog
 d - a scroll of magic mapping
 h - 4 scrolls of identify
 m - 8 scrolls of teleportation
 n - 2 scrolls of enchant weapon {unknown}
 r - a scroll of amnesia {unknown}
 s - a scroll of vulnerability {unknown}
 t - a scroll of silence {unknown}
 z - a scroll of immolation {unknown}
 D - a scroll of poison {unknown}
 F - a scroll of brand weapon {unknown}
Potions
 f - 2 potions of haste
 k - a potion of attraction {unknown}
 l - a potion of invisibility {unknown}
 o - 4 potions of curing
 p - a potion of heal wounds {unknown}
 A - a potion of degeneration {unknown}


   Skills:
 + Level 7.4 Fighting
 + Level 5.8 Short Blades
 + Level 3.4 Long Blades
 + Level 3.4 Axes
 + Level 3.4 Maces & Flails
 + Level 3.4 Polearms
 + Level 3.4 Staves
 + Level 3.4 Ranged Weapons
 + Level 3.4 Throwing
 + Level 3.4 Armour
 + Level 5.8 Dodging
 + Level 10.2 Stealth
 + Level 3.4 Shields
 + Level 3.4 Unarmed Combat
 + Level 3.4 Spellcasting
 + Level 2.8 Conjurations
 + Level 2.8 Hexes
 + Level 2.8 Summonings
 + Level 2.8 Necromancy
 + Level 2.8 Translocations
 + Level 2.8 Transmutations
 + Level 2.8 Fire Magic
 + Level 2.8 Ice Magic
 + Level 2.8 Air Magic
 + Level 2.8 Earth Magic
 + Level 2.8 Poison Magic
 + Level 3.8 Invocations
 + Level 3.4 Evocations


You had 8 spell levels left.
You knew the following spells:

 Your Spells              Type           Power      Damage    Failure   Level
a - Summon Guardian Gole  Hex/Summ       6%         N/A       34%         3
b - Scorch                Fire           28%        2d6       17%         2

Your spell library contained the following spells:

 Spells                   Type           Power      Damage    Failure   Level
 Magic Dart               Conj           24%        1d4       12%         1
 Summon Small Mammal      Summ           24%        N/A       12%         1
 Searing Ray              Conj           12%        2d4       17%         2
 Sublimation of Blood     Necr           6%         N/A       17%         2
 Wereblood                Tmut           6%         N/A       17%         2
 Call Canine Familiar     Summ           6%         N/A       34%         3
 Vhi's Electric Charge    Tloc/Air       12%        N/A       34%         3
 Fulminant Prism          Conj/Hex       3%         3d5       75%         4
 Summon Hydra             Summ           3%         N/A       100%        7


Dungeon Overview and Level Annotations

Branches:
Dungeon (6/15)             Temple (0/1) D:6

Altars:
Dithmenos
Fedhas
Gozag
Ru
Trog
Uskayaw
Wu Jian
Zin

Shops:
D:6 ?=(*


Innate Abilities, Weirdness & Mutations

You have very sharp teeth.
Your uncanny sense of smell can sniff out nearby items.
Your experience applies equally to all skills.


Message History

You are too confused!
You are too confused!
You are too confused!
You are too confused!
You are too confused!
You hit the vampire but do no damage.
The vampire is moderately damaged.
You hit the vampire but do no damage. Your bite misses the vampire.
The vampire is moderately damaged.
The vampire barely misses you. The vampire closely misses you.
You barely miss the vampire. Your bite misses the vampire.
The vampire is moderately damaged.
The vampire barely misses you. The vampire bites you!
The vampire draws strength from your injuries!
The vampire completely misses you. x2
The vampire closely misses you. The vampire completely misses you.
You hit the vampire but do no damage.
The vampire is moderately damaged.
You feel less confused.
The vampire gestures wildly while chanting.
The vampire flickers and vanishes!
Deactivating autopickup; reactivate with Ctrl-A.
You hit something. You barely miss something.
Something hits you but does no damage. Something barely misses you.
You hit something but do no damage. You barely miss something.
Something hits you!
* * * LOW HITPOINT WARNING * * *
Something bites you.
* * * LOW HITPOINT WARNING * * *
Something draws strength from your injuries!
You closely miss something. You bite something. You closely miss something.
Something barely misses you. Something bites you.
* * * LOW HITPOINT WARNING * * *
Something draws strength from your injuries!
You hit something but do no damage. You punch something.
Your bite misses something. You closely miss something.
Something completely misses you. Something bites you!
You die...

#.....#.........)...#
#.....#.............#
#.....#.......$.....#
#####...###.......######
....#...###.#####.#
....#.......####..#
....#.......##....#
....#)......##..{.#
....#.......#...@.# ∆
#...#..######....##
.####..#....#....#
#.#....'....#..###
..#....#....#.#
..#....#....#.
..####'#....#.
............#
............#


There were no monsters in sight!

Vanquished Creatures
  Prince Ribbit (D:5)
  An ice beast (D:5)
  3 black bears
  An ogre (D:4)
  A centaur (D:6)
  A phantom (D:5)
  A scorpion (D:5)
  A hound (D:6)
  3 jellies
  An orc priest (D:4)
  2 iguanas
  Ijyb (D:3)
  Robin (D:3)
  3 adders
  A worm (D:2)
  4 dart slugs
  11 orcs
  6 ball pythons
  5 endoplasms
  5 giant cockroaches
  9 goblins
  8 hobgoblins
  4 jackals (D:2)
  5 kobolds
  8 quokkas
  2 bats
  4 frilled lizards
  6 rats
99 creatures vanquished.

Notes
Turn   | Place    | Note
-------+----------+-------------------------------------------
     0 | D:5      | Reached skill level 9 in Stealth
     0 | D:5      | sircluck the Gnoll Delver began the quest for the Orb.
     0 | D:5      | Reached XP level 1. HP: 23/23 MP: 1/1
    17 | D:5      | Noticed a scorpion
    24 | D:5      | Killed a scorpion
    25 | D:5      | Reached skill level 1 in Long Blades
    25 | D:5      | Reached skill level 1 in Axes
    25 | D:5      | Reached skill level 1 in Maces & Flails
    25 | D:5      | Reached skill level 1 in Polearms
    25 | D:5      | Reached skill level 1 in Staves
    25 | D:5      | Reached skill level 1 in Ranged Weapons
    25 | D:5      | Reached skill level 1 in Throwing
    25 | D:5      | Reached skill level 1 in Armour
    25 | D:5      | Reached skill level 1 in Shields
    25 | D:5      | Reached skill level 1 in Unarmed Combat
    25 | D:5      | Reached skill level 1 in Spellcasting
    25 | D:5      | Reached skill level 1 in Invocations
    25 | D:5      | Reached skill level 1 in Evocations
    25 | D:5      | Reached XP level 2. HP: 29/29 MP: 1/3
    25 | D:5      | Reached XP level 3. HP: 35/35 MP: 1/4
    25 | D:5      | Reached XP level 4. HP: 41/41 MP: 1/5
    95 | D:5      | Noticed Prince Ribbit
   130 | D:5      | Found a hide-covered altar of Uskayaw.
   130 | D:5      | Noticed an ice beast
   186 | D:5      | Killed Prince Ribbit
   187 | D:5      | Reached skill level 1 in Conjurations
   187 | D:5      | Reached skill level 1 in Hexes
   187 | D:5      | Reached skill level 1 in Summonings
   187 | D:5      | Reached skill level 1 in Necromancy
   187 | D:5      | Reached skill level 1 in Translocations
   187 | D:5      | Reached skill level 1 in Transmutations
   187 | D:5      | Reached skill level 1 in Fire Magic
   187 | D:5      | Reached skill level 1 in Ice Magic
   187 | D:5      | Reached skill level 1 in Air Magic
   187 | D:5      | Reached skill level 1 in Earth Magic
   187 | D:5      | Reached skill level 1 in Poison Magic
   187 | D:5      | Reached XP level 5. HP: 47/47 MP: 5/7
   187 | D:5      | Reached XP level 6. HP: 53/53 MP: 5/8
   230 | D:5      | Reached skill level 5 in Short Blades
   230 | D:5      | Reached skill level 5 in Dodging
   263 | D:5      | Found a shadowy altar of Dithmenos.
   277 | D:5      | Found a sacrificial altar of Ru.
   376 | D:5      | Noticed a black bear
   378 | D:5      | Killed a black bear
   379 | D:5      | Reached XP level 7. HP: 60/60 MP: 10/10
   387 | D:5      | Found a blossoming altar of Fedhas.
   989 | D:5      | Became a worshipper of Dithmenos the Shadowed
  1553 | D:5      | Found an ornate altar of the Wu Jian Council.
  1779 | D:4      | Reached skill level 10 in Stealth
  2283 | D:4      | Reached XP level 8. HP: 67/67 MP: 12/12
  2384 | D:4      | Found a bloodstained altar of Trog.
  3133 | D:3      | Noticed Robin
  3134 | D:3      | Noticed Ijyb
  3149 | D:3      | Killed Ijyb
  3158 | D:2      | HP: 2/64 [goblin/+0 dagger (2)]
  3338 | D:2      | Learned a level 3 spell: Summon Guardian Golem
  3349 | D:3      | Reached * piety under Dithmenos
  3355 | D:3      | Killed Robin
  3770 | D:3      | Found a glowing silver altar of Zin.
  3877 | D:3      | Found a faded altar of an unknown god.
  4019 | D:3      | Found an opulent altar of Gozag.
  5746 | D:1      | Reached ** piety under Dithmenos
  6292 | D:6      | Found Nyrogupt's General Store.
  6296 | D:6      | Found Kygue's Antique Weapon Boutique.
  6300 | D:6      | Bought a +0 helmet for 54 gold pieces
  6300 | D:6      | Bought the Anthology of the Tropical Cumulonimbus for 168
                  | gold pieces
  6300 | D:6      | Bought a scroll of identify for 24 gold pieces
  6308 | D:6      | Learned a level 2 spell: Scorch
  6339 | D:6      | Found Vemiqis's Magic Scroll Shop.
  6345 | D:6      | Found a staircase to the Ecumenical Temple.
  6349 | D:6      | Found Cijysu's Jewellery Shoppe.
  6445 | D:6      | Noticed a vampire
  6479 | D:6      | Slain by a vampire

Illustrated notes

Levels and vault maps discovered:
D:1:      scummos_arrival_simple_fountains, layout_loops_ring,
          hangedman_decor_push
D:2:      layout_basic
D:3:      layout_loops_cross, pdpol_temple_overflow_zin_treasury_gozag_greed,
          ebering_ecumenical_altar_ruins, nicolae_goblin_pals
D:4:      layout_loops_ring, trog_butcher_becter, kennysheep_donut, minivault_11
D:5:      layout_basic, mainiacjoe_overflow_24_doors,
          nicolae_overflow_quartered_altars, uniq_prince_ribbit1
D:6:      minmay_opposing_rooms, layout_gridville, minmay_temple_entry_mist,
          serial_shops, shop, nicolae_take_the_stairs, nicolae_square_shop,
          shop, nicolae_diamond_shop

Skill      XL: |  1  2  3  4  5  6  7 |
---------------+----------------------+-----
Stealth        | 10 | 10.2
Long Blades    | 1 2 3 |  3.4
Axes           | 1 2 3 |  3.4
Maces & Flails | 1 2 3 |  3.4
Polearms       | 1 2 3 |  3.4
Staves         | 1 2 3 |  3.4
Ranged Weapons | 1 2 3 |  3.4
Throwing       | 1 2 3 |  3.4
Armour         | 1 2 3 |  3.4
Shields        | 1 2 3 |  3.4
Unarmed Combat | 1 2 3 |  3.4
Spellcasting   | 1 2 3 |  3.4
Invocations    | 1 2 3 |  3.8
Evocations     | 1 2 3 |  3.4
Conjurations   | 1 2 |  2.8
Hexes          | 1 2 |  2.8
Summonings     | 1 2 |  2.8
Necromancy     | 1 2 |  2.8
Translocations | 1 2 |  2.8
Transmutations | 1 2 |  2.8
Fire Magic     | 1 2 |  2.8
Ice Magic      | 1 2 |  2.8
Air Magic      | 1 2 |  2.8
Earth Magic    | 1 2 |  2.8
Poison Magic   | 1 2 |  2.8
Short Blades   | 5 |  5.8
Dodging        | 5 |  5.8
Fighting       | 7 |  7.4

Action                     |  1- 3 |  4- 6 |  7- 9 || total
---------------------------+-------+-------+-------++-------
  Melee: Short sword       |     1 |       |       ||     1
         Rapier            |       |    16 |   264 ||   280
         Bite              |       |     3 |    35 ||    38
         Punch             |       |       |     9 ||     9
  Throw: Stone             |       |       |     2 ||     2
   Cast: Summon Guardian G |       |       |     1 ||     1
  Evoke: Wand              |       |       |     1 ||     1
    Use: Scroll            |       |       |     2 ||     2
         Potion            |       |       |     1 ||     1
   Stab: Sleeping          |     1 |     3 |    39 ||    43
         Distracted        |       |       |     2 ||     2
 Armour: Leather armour    |       |     1 |    28 ||    29
  Dodge: Dodged            |       |     4 |   146 ||   150

Table legend: (Time is in decaauts)
 A = Elapsed time spent in this place.
 B = Non-inter-level travel time spent in this place.
 C = Inter-level travel time spent in this place.
 D = Time resting spent in this place.
 E = Time spent auto-exploring this place.
 F = Levels seen in this place.
 G = Mean time per level.
                   A        B        C        D        E       F      G
               +--------+--------+--------+--------+--------+-----+--------+
         Total |   6355 |   5110 |   1245 |    315 |   3910 |   6 | 1059.2 |
       Dungeon |   6355 |   5110 |   1245 |    315 |   3910 |   6 | 1059.2 |
               +--------+--------+--------+--------+--------+-----+--------+

Top non-repeatable levels by time:
     D:5: 1820 daAuts
     D:3: 1391 daAuts
     D:2: 1208 daAuts
     D:4: 1105 daAuts
     D:1: 659 daAuts
     D:6: 170 daAuts
